AoeStats
← PhishStickPhilanthropist

Black Forest

508262456Analyzed
2v2 RM · 11d ago on Sep 21, 2026· 25m 29s· 4 players
Game mode
Random Map
Map size
Medium (4 player)
Population
200
Speed
Normal
Resources
Standard
Victory
Conquest
Starting age
Dark Age
Ending age
Imperial Age
RankedLock teamsTeams togetherTeam positionsShared explorationLock speedFull tech treeHidden civsTurbo modeCheats
Victory
Defeat
🇦🇷 Malay · Argentina
1459
+16
🇦🇷 Mongols · Argentina
1388
+18
🇸🇪 Khmer · Sweden
1470
-33
🇻🇳 Cumans · Vietnam
1421
-16
LVA - Gleich
0:54 Loom
12:16 Feudal Age
16:26 Castle Age
15:44 Double-Bit Axe
18:28 Squires
19:50 Arson
22:16 Forging
22:03 Fishing Lines
24:42 Iron Casting
Coloso MDP
0:47 Loom
13:01 Feudal Age
17:34 Double-Bit Axe
21:20 Castle Age
20:09 Fletching
25:20 Scale Barding Armor
NPChinh
2:38 Loom
11:40 Feudal Age
12:09 Double-Bit Axe
17:59 Fishing Lines
18:31 Gold Mining
19:55 Horse Collar
22:41 Man-at-Arms
23:48 Forging
23:38 Scale Mail Armor
25:09 Wheelbarrow
PhishStickPhilanthropist
0:48 Loom
9:46 Feudal Age
10:42 Double-Bit Axe
14:26 Fletching
16:39 Horse Collar
22:20 Castle Age
21:58 Gold Mining
22:22 Crossbowman
23:49 Bodkin Arrow
Connection lost

Rejoining the realm…

Still unreachable

The connection could not be restored.

Session expired

The server has moved on; the page needs a fresh start.